 Dungeon Crawl Stone Soup version 0.18.1-47-g9310371 (webtiles) character file.

4459 Firecrotchwizard the Protected (level 10, -5/86 HPs)
             Began as a Minotaur Berserker on June 15, 2016.
             Was a High Priest of Trog.
             Slain by an orc knight
             ... wielding a +0 war axe
              (22 damage)
             ... in a bailey.
             The game lasted 00:26:34 (6394 turns).

Firecrotchwizard the Protected (Minotaur Berserker) Turns: 6394, Time: 00:26:35

Health: -5/86      AC: 13    Str: 21    XL:     10   Next: 15%
Magic:  9/9        EV: 10    Int:  4    God:    Trog [*****.]
Gold:   148        SH:  5    Dex: 19    Spells: 0 memorised, 9 levels left

rFire  + . .     SeeInvis .     F - +9 whip of Bas Acif {distort, *Noise rPois Dex+5}
rCold  + + .     Gourm    .     j - +1 chain mail {MR+}
rNeg   . . .     Faith    .     I - +0 buckler
rPois  +         Spirit   .     (helmet restricted)
rElec  +         Dismiss  .     (no cloak)
rCorr  +         Reflect  .     (no gloves)
SustAt .         Harm     .     (no boots)
MR     +....                    (no amulet)
Stlth  ..........               (no ring)
                                G - ring of protection from cold

@: resistant, somewhat resistant to hostile enchantments, extremely unstealthy
A: retaliatory headbutt, horns 2
a: Berserk, Trog's Hand, Brothers in Arms, Burn Spellbooks, Renounce Religion


You were in a bailey.
You worshipped Trog.
Trog was extremely pleased with you.
You were very hungry.

You visited 1 branch of the dungeon, and saw 8 of its levels.
You also visited: Sewer and Bailey.

You collected 316 gold pieces.
You spent 168 gold pieces at shops.

Inventory:

Hand Weapons
 a - a +0 mace
 s - a +0 flail
 x - a +1 whip of freezing
 y - the +11 falchion of Pain and Death {venom, +Fly SInv}
   (You bought it in a shop on level 5 of the Dungeon)

   It poisons the flesh of those it strikes.
   It lets you see invisible.
   It lets you fly.
 D - a +0 mace
 F - the +9 whip of Bas Acif (weapon) {distort, *Noise rPois Dex+5}
   (You found it on level 6 of the Dungeon)

   It warps and distorts space around it.
   Unwielding it can cause banishment or high damage.
   It affects your dexterity (+5).
   It protects you from poison.
   It may make noises in combat.
Armour
 b - a +0 animal skin
 f - a +0 scale mail
 j - a +1 chain mail of magic resistance (worn)
 I - a +0 buckler (worn)
Jewellery
 G - a ring of protection from cold (left hand)
Scrolls
 d - 4 scrolls of remove curse
 g - a scroll of immolation {unknown}
 h - 4 scrolls of fear
 i - 6 scrolls of magic mapping
 k - 2 scrolls of blinking {unknown}
 m - 2 scrolls of noise {unknown}
 n - 3 scrolls of enchant weapon
 o - 2 scrolls of recharging {unknown}
 p - 3 scrolls of fog {unknown}
 q - 2 scrolls of enchant armour {unknown}
 t - 3 scrolls of identify
 z - a scroll of torment {unknown}
 B - 3 scrolls of teleportation
 L - a scroll of amnesia {unknown}
Potions
 e - 3 potions of cure mutation
 u - 2 potions of brilliance {unknown}
 v - 2 potions of degeneration {unknown}
 w - a potion of ambrosia {unknown}
 A - a potion of might {unknown}
 C - 3 potions of curing {unknown}
 E - a potion of mutation {unknown}
 H - a potion of flight {unknown}
 J - a potion of heal wounds {unknown}
Comestibles
 c - 9 bread rations
 l - 3 meat rations
 r - 7 fruits
 K - 6 beef jerkies


   Skills:
 + Level 7.5 Fighting
 - Level 5.0 Long Blades
 + Level 10.3 Maces & Flails
 + Level 11.5 Armour
 - Level 2.4 Dodging
 * Level 3.8 Shields


You had 9 spell levels left.
You didn't know any spells.

Dungeon Overview and Level Annotations

Branches:
Dungeon (8/15)             Temple (0/1) D:6
   Lair: D:8-11

Altars:
Cheibriados
Dithmenos
Fedhas
Gozag
Kikubaaqudgha
Nemelex Xobeh
Ru
Trog
Xom
The Shining One

Shops:
D:5 %=(%?

Annotations:
D:8 Firecrotchwizard's ghost, novice MiBe


Innate Abilities, Weirdness & Mutations

You reflexively headbutt those who attack you in melee.
You have a pair of horns on your head.


Message History

Trog accepts your kill.
You hear a shout! x4
The orc knight completely misses you.
Items here: ! $ ) [ † a hand axe; a leather armour; a pink potion; 22 gold pieces; a hobgoblin corpse You hit the orc knight.
The orc knight is lightly wounded.
The orc knight disappears!
Drink which item? (? for menu, Esc to quit)
It was a potion of cure mutation.
It has a very clean taste.
You feel more encumbered by your armour.
You are too injured to fight recklessly!
The orc knight drinks a potion.
The orc knight seems to speed up.
You see here a viscous blue potion.
M - a viscous blue potion Drink which item? (? for menu, Esc to quit)
It was a potion of resistance.
You feel protected.
The orc knight hits you with a war axe!!
You die...

###### ##!?∩!!##
#.?.....# ##@......##
#.o.......#
##.........##
#######.....⌠.....#
##.....##)).......##
#.......))..).....'.
##......)##.......##.
#.....))).#.......#
##.....))..##88.88##


You could see an orc knight.

Vanquished Creatures
  An orc knight (Bailey)
  Pikel (D:4)
  The ghost of sugabear the Ducker, a novice VSGl of Elyvilon (D:5)
  Grinder (D:5)
  Eustachio (D:4)
  Menkaure (D:4)
  Duvessa (D:4)
  A slave (D:4)
  3 orc warriors (Bailey)
  2 ice beasts
  A phantom (D:7)
  A sky beast (D:7)
  A necrophage (D:7)
  3 ogres
  2 centaurs
  A giant frog (D:6)
  Dowan (D:4)
  A scorpion (D:5)
  2 crimson imps
  A giant frog zombie (D:5)
  3 orc priests
  5 hounds
  Crazy Yiuf (D:5)
  2 iguanas
  5 orc wizards
  2 worker ants
  19 gnolls
  A howler monkey skeleton (D:5)
  13 adders
  A river rat (D:5)
  A shadow imp (D:7)
  An adder skeleton (D:6)
  3 worms
  A dart slug (D:1)
  4 giant geckos
  36 orcs
  6 ball pythons
  2 giant cockroaches
  25 goblins
  15 hobgoblins
  4 jackals
  11 kobolds
  3 quokkas
  A ball python skeleton (D:6)
  6 bats
  A giant gecko zombie (D:7)
  12 giant newts
  10 rats
221 creatures vanquished.

Vanquished Creatures (collateral kills)
  2 orc warriors (Bailey)
  A hobgoblin (Bailey)
3 creatures vanquished.

Vanquished Creatures (others)
  2 orc warriors (Bailey)
  A big kobold (D:8)
  A centaur skeleton (D:7)
  A worker ant (D:4)
  2 gnolls (Bailey)
  A hobgoblin (Bailey)
8 creatures vanquished.

Grand Total: 232 creatures vanquished

Notes
Turn   | Place    | Note
--------------------------------------------------------------
     0 | D:1      | Firecrotchwizard the Minotaur Berserker began the quest for the Orb.
     0 | D:1      | Reached XP level 1. HP: 19/19 MP: 0/0
   303 | D:1      | Reached XP level 2. HP: 25/27 MP: 1/1
   779 | D:1      | Reached ** piety under Trog
   895 | D:2      | Reached XP level 3. HP: 33/33 MP: 2/2
  1109 | D:2      | Reached skill level 5 in Maces & Flails
  1399 | D:2      | Reached XP level 4. HP: 40/40 MP: 3/3
  1414 | D:2      | Found an opulent altar of Gozag.
  1584 | D:2      | Found a blossoming altar of Fedhas.
  1673 | D:3      | Found a shimmering altar of Xom.
  1990 | D:3      | Reached XP level 5. HP: 42/46 MP: 4/4
  2258 | D:4      | Noticed Duvessa
  2258 | D:4      | Noticed Dowan
  2267 | D:4      | Killed Duvessa
  2267 | D:4      | Reached skill level 3 in Armour
  2278 | D:4      | Reached XP level 6. HP: 29/53 MP: 5/5
  2283 | D:4      | Killed Dowan
  2489 | D:4      | Noticed Menkaure
  2498 | D:4      | Killed Menkaure
  2498 | D:4      | Reached skill level 5 in Fighting
  2498 | D:4      | Reached skill level 4 in Armour
  2655 | D:4      | Reached *** piety under Trog
  2683 | D:4      | Noticed Eustachio
  2693 | D:4      | Killed Eustachio
  2693 | D:4      | Reached skill level 5 in Armour
  2693 | D:4      | Reached XP level 7. HP: 53/61 MP: 6/6
  2753 | D:4      | Found a shadowy altar of Dithmenos.
  3082 | D:4      | Found a sparkling altar of Nemelex Xobeh.
  3157 | D:4      | Noticed Pikel
  3167 | D:4      | Killed Pikel
  3167 | D:4      | Reached skill level 6 in Armour
  3167 | D:4      | Reached XP level 8. HP: 60/70 MP: 7/7
  3357 | D:5      | Entered Level 5 of the Dungeon
  3447 | D:5      | Found Poyfow's Jewellery Shop.
  3483 | D:5      | Reached skill level 7 in Armour
  3568 | D:5      | Found Moudoc's Antique Weapon Emporium.
  3578 | D:5      | Bought an encrusted falchion for 168 gold pieces
  3578 | D:5      | Identified the +11 falchion of Pain and Death {venom, +Fly SInv} (You bought it in a shop on level 5 of the Dungeon)
  3588 | D:5      | Found Taeloes's Magic Scroll Shop.
  3598 | D:5      | Noticed sugabear's ghost (novice VSGl)
  3608 | D:5      | Killed sugabear's ghost
  3608 | D:5      | Reached skill level 8 in Armour
  3628 | D:5      | Noticed Grinder
  3634 | D:5      | Killed Grinder
  3693 | D:5      | Found Viumi's Food Boutique.
  3876 | D:5      | Found an ancient bone altar of Kikubaaqudgha.
  3920 | D:5      | Reached skill level 9 in Armour
  3920 | D:5      | Reached XP level 9. HP: 77/77 MP: 8/8
  3935 | D:5      | Found Huhaca's Food Emporium.
  3969 | D:5      | Found a glowing drain.
  3980 | Sewer    | Entered a sewer
  4073 | Sewer    | Reached **** piety under Trog
  4312 | D:5      | Noticed Crazy Yiuf
  4318 | D:5      | Killed Crazy Yiuf
  4454 | D:5      | Found a snail-covered altar of Cheibriados.
  4620 | D:6      | Reached skill level 5 in Long Blades
  4709 | D:6      | Found a staircase to the Ecumenical Temple.
  4759 | D:6      | Got a fine whip
  4760 | D:6      | Identified the +9 whip of Bas Acif {distort, *Noise rPois Dex+5} (You found it on level 6 of the Dungeon)
  5231 | D:7      | Gained mutation: Your movements are slightly less encumbered by armour (ER -2). [mutagenic meat]
  5293 | D:7      | Reached skill level 10 in Armour
  5565 | D:7      | Found a sacrificial altar of Ru.
  5593 | D:7      | Found a glowing golden altar of the Shining One.
  5597 | D:7      | Reached skill level 1 in Shields
  5977 | D:8      | Found a bloodstained altar of Trog.
  6026 | D:8      | Noticed Firecrotchwizard's ghost (novice MiBe)
  6111 | D:8      | Found a flagged portal.
  6124 | Bailey   | Entered a bailey
  6158 | Bailey   | Reached ***** piety under Trog
  6168 | Bailey   | Reached skill level 10 in Maces & Flails
  6217 | Bailey   | Reached skill level 11 in Armour
  6240 | Bailey   | Noticed an orc warlord
  6244 | Bailey   | Noticed an orc knight
  6263 | Bailey   | Noticed an orc knight
  6269 | Bailey   | Noticed an orc knight
  6293 | Bailey   | Reached XP level 10. HP: 34/86 MP: 9/9
  6312 | Bailey   | Killed an orc knight
  6315 | Bailey   | HP: 4/129 [gnoll/hand axe (7)]
  6323 | Bailey   | HP: 3/86 [gnoll/hand axe (1)]
  6342 | Bailey   | HP: 4/86 [gnoll/hand axe (4)]
  6386 | Bailey   | Lost mutation: Your movements are slightly less encumbered by armour (ER -2). [potion of cure mutation]
  6394 | Bailey   | Slain by an orc knight

Skill      XL: |  1  2  3  4  5  6  7  8  9 |
---------------+----------------------------+-----
Fighting       | 4 5 6 7 |  7.5
Maces & Flails | 4 5 6 7 8 9 10 | 10.3
Armour         | 3 5 6 9 11 | 11.5
Long Blades    | 3 5 |  5.0
Shields        | 3 |  3.8
Dodging        | |  2.4

Action                   |  1- 3 |  4- 6 |  7- 9 | 10-12 || total
-------------------------+-------+-------+-------+-------++-------
Melee: Mace              |    75 |    28 |       |       ||   103
       Headbutt          |     8 |    20 |    72 |     9 ||   109
       Flail             |       |    77 |    37 |       ||   114
       Falchion          |       |       |    90 |       ||    90
       Whip              |       |       |   182 |    28 ||   210
Invok: Trog's Hand       |       |     3 |     2 |       ||     5
       Berserk           |       |     1 |       |     1 ||     2
       Brothers in Arms  |       |       |     1 |       ||     1
  Use: Scroll            |       |       |     6 |       ||     6
       Potion            |       |       |       |     2 ||     2
 Stab: Paralysed         |       |       |     1 |       ||     1
  Eat: Chunk             |     2 |     5 |     7 |       ||    14
       Meat ration       |       |       |     1 |       ||     1
       Beef jerky        |       |       |     1 |       ||     1
Armor: Scale mail        |    11 |       |       |       ||    11
       Chain mail        |    24 |    62 |   133 |     3 ||   222
Dodge: Dodged            |    55 |    46 |    88 |     6 ||   195
Block: Buckler           |       |       |    14 |     2 ||    16
